 Dungeon Crawl Stone Soup version 0.26.1-2-gb8aa6d0cf2 (webtiles) character file.

Game seed: 5071024659852695082

60 Qrupt the Stinger (level 3, -15/29 HPs)
             Began as a Draconian Venom Mage on Feb 11, 2021.
             Blown up by Ijyb (19 damage)
             ... with a disintegration bolt
             ... on level 3 of the Dungeon.
             The game lasted 00:03:04 (2089 turns).

Qrupt the Stinger (Draconian Venom Mage)            Turns: 2089, Time: 00:03:04

Health: -15/29     AC:  7    Str: 11    XL:     3   Next: 82%
Magic:  6/6        EV: 12    Int: 15    God:
Gold:   60         SH:  0    Dex: 11    Spells: 6/7 levels left

rFire    . . .     SeeInvis .   g - +1 dagger (venom)
rCold    . . .     Faith    .   (no shield)
rNeg     . . .     Spirit   .   (armour unavailable)
rPois    .         Reflect  .   (helmet restricted)
rElec    .         Harm     .   m - scarf {shadows}
rCorr    .         Rampage  .   l - +1 pair of gloves
Will     .....                  (no boots)
Stlth    ++........             (no amulet)
HPRegen  0.09/turn              n - ring of flight
MPRegen  0.10/turn              (no ring)

@: no status effects
A: unfitting armour, cold-blooded, AC +5
a: Evoke Flight


You were on level 3 of the Dungeon.
You visited 1 branch of the dungeon, and saw 3 of its levels.

You collected 60 gold pieces.

Inventory:

Hand Weapons
 g - a +1 dagger of venom (weapon)
Armour
 l - a +1 pair of gloves (worn)
 m - a scarf of shadows (worn)
Jewellery
 f - an uncursed amulet of guardian spirit
 n - a ring of flight (left hand)
Scrolls
 b - 2 scrolls of enchant armour {unknown}
 d - a scroll of blinking {unknown}
 e - 3 scrolls of teleportation {unknown}
 h - 2 scrolls of enchant weapon {unknown}
 j - a scroll of random uselessness {unknown}
 k - a scroll of identify {unknown}
 o - a scroll of fog {unknown}
 p - a scroll of amnesia {unknown}
 q - a scroll of remove curse {unknown}
Potions
 a - a potion of resistance
 c - 2 potions of degeneration {unknown}
 i - 3 potions of heal wounds {unknown}


   Skills:
 + Level 1.8 Fighting
 - Level 1.7 Dodging
 - Level 1.7 Stealth
 + Level 2.5 Spellcasting
 + Level 2.0 Transmutations
 + Level 3.5 Poison Magic


You had 6 spell levels left.
You knew the following spells:

 Your Spells              Type           Power        Failure   Level
a - Sting                 Tmut/Pois      20%          7%          1

Your spell library contained the following spells:

 Spells                   Type           Power        Failure   Level
 Poisonous Vapours        Pois/Air       6%           16%         2
 Ignite Poison            Fire/Tmut/Pois 3%           30%         3
 Mephitic Cloud           Conj/Pois/Air  2%           36%         3
 Olgreb's Toxic Radiance  Pois           6%           45%         4


Dungeon Overview and Level Annotations

Branches:
Dungeon (3/15)

Altars:
Dithmenos
Gozag
Hepliaklqana
Qazlal
Vehumet
Wu Jian

Annotations:
D:3 Ijyb


Innate Abilities, Weirdness & Mutations

Your plain brown scales are hard. (AC +5)
You cannot fit into any form of body armour.
You are cold-blooded and may be slowed by cold attacks.


Message History

A scorpion comes into view.
You barely miss Ijyb.
Your tail-slap misses Ijyb.
Ijyb barely misses you. The goblin hits you with a +0 dagger.
You barely miss Ijyb. Ijyb completely misses you. The goblin barely misses you.
You hit Ijyb but do no damage.
Ijyb is poisoned.
You tail-slap Ijyb, but do no damage.
Ijyb zaps a wand.
You are blasted!
The goblin hits you but does no damage.
You hit Ijyb but do no damage.
Ijyb looks as sick as possible!
Ijyb is lightly wounded.
Ijyb zaps a wand.
You are blasted!
* * * LOW HITPOINT WARNING * * *
The goblin barely misses you.
You hit Ijyb but do no damage.
Ijyb is lightly wounded.
Ijyb hits you but does no damage. The goblin hits you but does no damage.
You hit Ijyb but do no damage.
Ijyb looks as sick as possible!
Ijyb is moderately wounded.
Ijyb zaps a wand.
You are blasted!
Ouch! That really hurt!
You die...

... ....# ..### .♣#####
....# ....### ........
....# .....###.......
....######.........#...
.........#....?..s#....
....#............g..#
................@g#
....#....#........#
##..########.####.#
##.# #..# .# #.## ...##
.# #..# #.## .# ##.#
##.# .. #.##...#.
#..).....


You could see Ijyb (extremely poisoned), a scorpion and a goblin.

Vanquished Creatures
  An adder (D:2)
  A dart slug (D:2)
  A leopard gecko (D:2)
  3 giant cockroaches
  6 goblins
  4 hobgoblins (D:1)
  3 jackals (D:1)
  4 quokkas (D:2)
  2 ball pythons
  4 bats
  3 frilled lizards
  9 kobolds
  3 rats
44 creatures vanquished.

Notes
Turn   | Place    | Note
-------+----------+-------------------------------------------
     0 | D:1      | Qrupt the Draconian Venom Mage began the quest for the Orb.
     0 | D:1      | Reached XP level 1. HP: 14/14 MP: 3/3
   461 | D:1      | Reached XP level 2. HP: 21/22 MP: 5/5
   684 | D:1      | Reached skill level 1 in Fighting
  1432 | D:2      | Reached XP level 3. HP: 17/28 MP: 6/6
  1694 | D:2      | Found a shadowy altar of Dithmenos.
  1804 | D:2      | Found an ornate altar of the Wu Jian Council.
  1805 | D:2      | Found a stormy altar of Qazlal.
  1805 | D:2      | Found a radiant altar of Vehumet.
  1806 | D:2      | Found an opulent altar of Gozag.
  1944 | D:2      | Found a hazy altar of Hepliaklqana.
  2078 | D:3      | Noticed Ijyb
  2083 | D:3      | Noticed a scorpion
  2089 | D:3      | Blown up by Ijyb

Illustrated notes

Levels and vault maps discovered:
D:1:      elethiomel_arrival_quiet, layout_basic
D:2:      layout_basic, nzn_hepliaklqana_mist_gate,
          chequers_temple_overflow_statue_of_worship,
          grunt_dithmenos_smoke_and_mirrors
D:3:      layout_rooms, kennysheep_ying_yang, uniq_ijyb

Skill      XL: |  1  2  3 |
---------------+----------+-----
Fighting       | 1 |  1.8
Transmutations | 2 |  2.0
Dodging        | |  1.7
Stealth        | |  1.7
Spellcasting   | |  2.5
Poison Magic   | |  3.5

Action                   || total
-------------------------++-------
Melee: Unarmed           ||    23
       Dagger            ||   129
       Tailslap          ||    13
 Cast: Sting             ||    12
 Stab: Sleeping          ||     3
Armor: Skin              ||    55
Dodge: Dodged            ||   112
